General information
- name: BNet
- type: Ladder team game (AT/RT)
- host: Battle.net
- saver: PeopleChange
map: TwilightRuins
- players: 8
- length: 33:34
- speed: Fast
- version: 1.26 W3XP
- replay type: Public
» download(251 KB)
Players
team 1 (winner)

»
GoodBeast (
blue | 117 APM | 3928 actions | 33:30)
7 Far Seer
3 Feral Spirit
3 Chain Lighting
1 Earth Quake
3 Tauren Chieftain
2 Endurance Aura
1 Shockwave
» actions
| Assign group hotkey | 40 | |
| Basic commands | 18 | |
| Build / train | 108 | |
| ESC pressed | 3 | |
| Enter build submenu | 38 | |
| Enter hero's abilities submenu | 10 | |
| Give item / drop item | 1 | |
| Remove unit from queue | 1 | |
| Right click | 1808 | |
| Select / deselect | 633 | |
| Select group hotkey | 1150 | |
| Use ability | 118 | |
3928 total
» units
| Peon | 15 | |
| Grunt | 9 | |
| Demolisher | 3 | |
| Troll Batrider | 10 | |
| Tauren | 5 | |
| Troll Headhunter/Berserker | 7 | |
| Shaman | 4 | |
| Troll Witch Doctor | 4 | |
57 total
» upgrades
| Pillage | 1 | |
| Spiked Barricades | 1 | |
| Armor | 2 | |
| Berserker Strength | 1 | |
| Burning Oil | 1 | |
| Reinforced Defenses | 1 | |
| Berserker Upgrade | 1 | |
| Pulverize | 1 | |
| Shaman Training | 2 | |
| Witch Doctor Training | 2 | |
| Envenomed Spears | 1 | |
14 total
» buildings
| Altar of Storms | 1 | |
| Orc Burrow | 7 | |
| Barracks | 2 | |
| Voodoo Lounge | 1 | |
| War Mill | 3 | |
| Stronghold | 5 | |
| Watch Tower | 10 | |
| Fortress | 1 | |
| Beastiary | 2 | |
| Tauren Totem | 1 | |
| Great Hall | 3 | |
| Spirit Lodge | 2 | |
38 total
» build order
00:04 Altar of Storms
00:10 Orc Burrow
00:47 Barracks
01:30 Orc Burrow
02:04 Voodoo Lounge
02:44 War Mill
03:50 Stronghold
03:50 Stronghold
03:50 Stronghold
04:04 Watch Tower
04:28 Orc Burrow
05:09 Barracks
06:43 Orc Burrow
07:15 Fortress
08:36 Orc Burrow
08:49 Watch Tower
09:05 Beastiary
10:24 Tauren Totem
11:22 Great Hall
14:01 Great Hall
14:39 Watch Tower
14:41 War Mill
14:46 War Mill
19:26 Spirit Lodge
20:21 Orc Burrow
22:00 Spirit Lodge
24:55 Beastiary
26:18 Watch Tower
26:21 Watch Tower
26:23 Watch Tower
26:26 Watch Tower
27:52 Great Hall
28:05 Orc Burrow
28:09 Watch Tower
28:58 Watch Tower
29:00 Watch Tower
» items
| Healing Salve | 6 | |
| Scroll of Speed | 3 | |
| Scroll of Town Portal | 6 | |
| Lesser Clarity Potion | 2 | |
| Potion of Healing | 1 | |
18 total
LikeUntoTheGods (
red | 67 APM | 2261 actions | 33:30)
7 Blademaster
3 Wind Walk
3 Critical Strike
1 Bladestorm
» actions
| Assign group hotkey | 60 | |
| Basic commands | 17 | |
| Build / train | 80 | |
| Enter build submenu | 44 | |
| Enter hero's abilities submenu | 7 | |
| Give item / drop item | 4 | |
| Remove unit from queue | 2 | |
| Right click | 956 | |
| Select / deselect | 420 | |
| Select group hotkey | 564 | |
| Use ability | 107 | |
2261 total
» units
| Peon | 17 | |
| Grunt | 7 | |
| Goblin Shredder | 5 | |
| Troll Batrider | 13 | |
| Wind Rider | 2 | |
44 total
» upgrades
| Ranged Weapons | 3 | |
| Armor | 3 | |
| Liquid Fire | 1 | |
| Reinforced Defenses | 1 | |
| Troll Regeneration | 1 | |
9 total
» buildings
| Altar of Storms | 1 | |
| Barracks | 1 | |
| Orc Burrow | 6 | |
| Voodoo Lounge | 1 | |
| Stronghold | 1 | |
| Great Hall | 5 | |
| War Mill | 1 | |
| Beastiary | 4 | |
| Fortress | 1 | |
| Watch Tower | 23 | |
44 total
» build order
00:46 Altar of Storms
00:46 Barracks
00:50 Orc Burrow
01:08 Orc Burrow
02:00 Voodoo Lounge
03:10 Stronghold
04:16 Great Hall
04:31 War Mill
05:36 Orc Burrow
06:07 Beastiary
06:08 Beastiary
07:45 Fortress
09:25 Orc Burrow
09:42 Beastiary
09:43 Beastiary
10:44 Watch Tower
10:45 Watch Tower
10:47 Watch Tower
10:48 Watch Tower
10:51 Watch Tower
10:52 Watch Tower
10:54 Watch Tower
11:48 Orc Burrow
13:36 Great Hall
13:39 Watch Tower
15:17 Watch Tower
15:18 Watch Tower
15:27 Watch Tower
21:17 Orc Burrow
28:40 Great Hall
28:42 Watch Tower
28:43 Watch Tower
28:43 Watch Tower
28:43 Watch Tower
28:45 Watch Tower
28:45 Watch Tower
28:45 Watch Tower
28:46 Watch Tower
30:33 Watch Tower
30:36 Watch Tower
30:37 Watch Tower
30:39 Watch Tower
32:10 Great Hall
32:13 Great Hall
» items
| Healing Salve | 6 | |
| Boots of Speed | 1 | |
| Lesser Clarity Potion | 3 | |
| Periapt of Vitality | 1 | |
| Scroll of Town Portal | 3 | |
| Orb of Lightning | 1 | |
15 total

»
TexasThreesome (
pink | 34 APM | 790 actions | 23:24)
5 Pit Lord
3 Cleaving Attack
2 Howl of Terror
» actions
| Assign group hotkey | 27 | |
| Basic commands | 26 | |
| Build / train | 70 | |
| Enter build submenu | 21 | |
| Enter hero's abilities submenu | 5 | |
| Give item / drop item | 1 | |
| Right click | 137 | |
| Select / deselect | 269 | |
| Select group hotkey | 194 | |
| Use ability | 40 | |
790 total
» units
| Wisp | 18 | |
| Hippogryph | 15 | |
| Druid of the Talon | 2 | |
| Chimaera | 10 | |
45 total
» upgrades
| Ultravision | 1 | |
| Strength of the Wild | 3 | |
| Reinforced Hides | 3 | |
| Nature's Blessing | 1 | |
| Druid of the Talon Training | 2 | |
| Corrosive Breath | 1 | |
| Mark of the Talon | 1 | |
12 total
» buildings
| Hunter's Hall | 1 | |
| Moon Well | 9 | |
| Altar of Elders | 1 | |
| Ancient Protector | 4 | |
| Tree of Ages | 1 | |
| Ancient of Wonders | 1 | |
| Ancient of Wind | 1 | |
| Tree of Eternity | 1 | |
| Chimaera Roost | 2 | |
21 total
» build order
00:12 Hunter's Hall
00:18 Moon Well
01:02 Altar of Elders
01:44 Ancient Protector
02:06 Ancient Protector
02:34 Ancient Protector
02:56 Moon Well
03:38 Tree of Ages
03:45 Ancient of Wonders
05:12 Moon Well
06:17 Ancient of Wind
07:53 Tree of Eternity
08:01 Moon Well
09:30 Moon Well
10:16 Chimaera Roost
10:23 Chimaera Roost
10:57 Moon Well
12:21 Moon Well
15:09 Moon Well
15:38 Moon Well
16:37 Ancient Protector
» items
| Moonstone | 1 | |
| Claws of Attack +6 | 1 | |
| Periapt of Vitality | 1 | |
| Gloves of Haste | 1 | |
| Orb of Venom | 1 | |
5 total
FUXSUHDUXS2 (
purple | 24 APM | 820 actions | 33:30)
4 Blood Mage
2 Flame Strike
2 Siphon Mana
» actions
| Build / train | 76 | |
| Enter build submenu | 30 | |
| Enter hero's abilities submenu | 4 | |
| Right click | 336 | |
| Select / deselect | 311 | |
| Use ability | 63 | |
820 total
» units
| Peasant | 25 | |
| Flying Machine | 19 | |
| Siege Engine | 8 | |
| Hippogryph | 4 | |
56 total
» upgrades
| Gunpowder | 2 | |
| Lumber Harvesting | 2 | |
| Flak Cannons | 1 | |
| Flying Machine Bombs | 1 | |
| Magic Sentry | 1 | |
| Barrage | 1 | |
8 total
» buildings
| Lumber Mill | 4 | |
| Farm | 13 | |
| Altar of Kings | 1 | |
| Keep | 1 | |
| Blacksmith | 1 | |
| Arcane Vault | 1 | |
| Town Hall | 1 | |
| Castle | 1 | |
| Workshop | 4 | |
| Scout Tower | 1 | |
| Arcane Sanctum | 1 | |
| Arcane Tower | 1 | |
30 total
» build order
00:14 Lumber Mill
00:28 Lumber Mill
00:45 Lumber Mill
01:53 Farm
02:22 Altar of Kings
02:36 Farm
03:47 Keep
03:51 Blacksmith
03:56 Arcane Vault
06:24 Town Hall
06:50 Castle
07:47 Workshop
08:07 Workshop
08:32 Workshop
08:37 Workshop
09:24 Farm
09:29 Farm
09:45 Farm
09:49 Farm
10:04 Farm
10:15 Farm
10:48 Farm
11:36 Farm
12:16 Lumber Mill
14:26 Farm
14:46 Scout Tower
15:03 Arcane Sanctum
15:22 Arcane Tower
23:47 Farm
23:49 Farm
» items
| Potion of Healing | 2 | |
| Lesser Clarity Potion | 2 | |
4 total
team 2 (loser)

»
PlanetPiss (
teal | 39 APM | 1222 actions | 31:31)
5 Tauren Chieftain
2 War Stomp
3 Endurance Aura
4 Shadow Hunter
2 Healing Wave
2 Hex
» actions
| Assign group hotkey | 31 | |
| Basic commands | 162 | |
| Build / train | 68 | |
| ESC pressed | 3 | |
| Enter build submenu | 26 | |
| Enter hero's abilities submenu | 10 | |
| Right click | 211 | |
| Select / deselect | 300 | |
| Select group hotkey | 314 | |
| Use ability | 97 | |
1222 total
» units
| Peon | 13 | |
| Grunt | 10 | |
| Troll Witch Doctor | 8 | |
| Tauren | 8 | |
39 total
» upgrades
| Melee Weapons | 2 | |
| Armor | 1 | |
| Witch Doctor Training | 2 | |
| Pillage | 1 | |
| Pulverize | 1 | |
7 total
» buildings
| Altar of Storms | 1 | |
| Orc Burrow | 7 | |
| Barracks | 1 | |
| Voodoo Lounge | 2 | |
| War Mill | 1 | |
| Stronghold | 1 | |
| Fortress | 1 | |
| Spirit Lodge | 2 | |
| Watch Tower | 5 | |
| Tauren Totem | 3 | |
| Great Hall | 1 | |
25 total
» build order
00:08 Altar of Storms
00:11 Orc Burrow
00:22 Barracks
01:52 Orc Burrow
03:12 Voodoo Lounge
03:23 War Mill
04:31 Stronghold
04:36 Orc Burrow
04:58 Voodoo Lounge
07:17 Fortress
07:21 Spirit Lodge
07:22 Spirit Lodge
07:58 Watch Tower
08:26 Orc Burrow
09:50 Tauren Totem
09:51 Tauren Totem
11:32 Orc Burrow
13:52 Orc Burrow
14:10 Orc Burrow
15:12 Watch Tower
23:21 Watch Tower
23:22 Watch Tower
23:57 Tauren Totem
24:21 Watch Tower
26:28 Great Hall
» items
| Orb of Lightning | 1 | |
| Scroll of Town Portal | 3 | |
| Potion of Healing | 1 | |
| Scroll of Speed | 1 | |
| Potion of Lesser Invulnerability | 1 | |
7 total
PeopleChange (
orange | 131 APM | 4385 actions | 33:34)
8 Archmage
3 Summon Water Elemental
3 Brilliance Aura
1 Blizzard
1 Mass Teleport
» actions
| Assign group hotkey | 77 | |
| Basic commands | 172 | |
| Build / train | 214 | |
| ESC pressed | 16 | |
| Enter build submenu | 88 | |
| Enter hero's abilities submenu | 10 | |
| Give item / drop item | 7 | |
| Right click | 1346 | |
| Select / deselect | 517 | |
| Select group hotkey | 1720 | |
| Use ability | 218 | |
4385 total
» units
| Peasant | 37 | |
| Footman | 15 | |
| Goblin Shredder | 2 | |
| Flying Machine | 11 | |
| Dragonhawk Rider | 3 | |
| Gryphon Rider | 3 | |
71 total
» upgrades
| Masonry | 3 | |
| Defend | 1 | |
| Lumber Harvesting | 2 | |
| Plating | 4 | |
| Animal War Training | 1 | |
| Gunpowder | 4 | |
| Flak Cannons | 1 | |
| Flying Machine Bombs | 1 | |
| Barrage | 1 | |
| Flare | 3 | |
| Storm Hammers | 1 | |
| Cloud | 1 | |
| Fragmentation Shards | 1 | |
| Armor | 3 | |
| Swords | 3 | |
| Unholy Strength | 1 | |
| Unholy Armor | 1 | |
| Long Rifles | 1 | |
33 total
» buildings
| Altar of Kings | 1 | |
| Barracks | 2 | |
| Farm | 9 | |
| Lumber Mill | 1 | |
| Arcane Vault | 1 | |
| Town Hall | 3 | |
| Scout Tower | 41 | |
| Guard Tower | 47 | |
| Keep | 6 | |
| Arcane Tower | 1 | |
| Castle | 3 | |
| Blacksmith | 1 | |
| Workshop | 13 | |
| Gryphon Aviary | 5 | |
| Arcane Sanctum | 3 | |
137 total
» build order
00:06 Altar of Kings
00:09 Barracks
00:13 Barracks
00:16 Farm
00:54 Farm
01:33 Farm
02:40 Lumber Mill
02:51 Arcane Vault
03:47 Town Hall
04:21 Scout Tower
04:49 Farm
04:52 Guard Tower
04:53 Scout Tower
05:14 Scout Tower
05:24 Guard Tower
05:24 Guard Tower
05:25 Guard Tower
05:57 Keep
05:57 Keep
05:59 Guard Tower
06:27 Scout Tower
06:33 Scout Tower
07:13 Guard Tower
07:15 Farm
07:24 Arcane Tower
07:26 Scout Tower
07:53 Scout Tower
07:55 Scout Tower
07:56 Scout Tower
08:00 Guard Tower
08:00 Guard Tower
08:24 Guard Tower
08:24 Guard Tower
08:25 Guard Tower
09:04 Castle
09:04 Castle
09:04 Castle
09:09 Scout Tower
09:11 Scout Tower
09:13 Scout Tower
09:38 Guard Tower
09:39 Guard Tower
09:40 Guard Tower
09:40 Guard Tower
09:41 Guard Tower
09:43 Blacksmith
09:46 Farm
11:21 Workshop
11:22 Workshop
11:25 Workshop
11:27 Workshop
11:38 Workshop
11:40 Workshop
11:44 Gryphon Aviary
11:45 Gryphon Aviary
14:54 Scout Tower
14:55 Scout Tower
14:55 Scout Tower
14:56 Scout Tower
14:56 Scout Tower
14:58 Scout Tower
15:30 Guard Tower
15:30 Guard Tower
15:30 Guard Tower
15:32 Guard Tower
15:32 Guard Tower
16:46 Scout Tower
16:47 Scout Tower
16:48 Scout Tower
16:50 Scout Tower
16:51 Scout Tower
18:07 Guard Tower
18:07 Guard Tower
18:16 Scout Tower
18:17 Scout Tower
18:20 Scout Tower
18:22 Scout Tower
18:44 Farm
18:45 Farm
18:47 Farm
18:55 Guard Tower
18:55 Guard Tower
19:01 Scout Tower
19:02 Scout Tower
19:05 Scout Tower
19:15 Guard Tower
19:40 Guard Tower
19:41 Guard Tower
19:41 Guard Tower
19:46 Town Hall
20:37 Scout Tower
20:38 Scout Tower
20:40 Scout Tower
21:49 Guard Tower
22:48 Scout Tower
22:49 Scout Tower
22:50 Scout Tower
23:18 Guard Tower
24:08 Keep
24:08 Keep
24:08 Keep
24:12 Workshop
24:13 Workshop
24:14 Workshop
24:16 Workshop
24:17 Workshop
24:19 Workshop
24:22 Workshop
24:27 Gryphon Aviary
24:27 Gryphon Aviary
24:28 Gryphon Aviary
27:35 Scout Tower
27:36 Scout Tower
27:37 Scout Tower
27:39 Scout Tower
27:40 Scout Tower
28:21 Guard Tower
31:01 Town Hall
33:19 Arcane Sanctum
33:21 Arcane Sanctum
33:25 Arcane Sanctum
» items
| Scroll of Regeneration | 9 | |
| Periapt of Vitality | 1 | |
| Staff of Teleportation | 1 | |
| Potion of Lesser Invulnerability | 5 | |
| Tome of Retraining | 1 | |
| Potion of Invisibility | 2 | |
| Lesser Clarity Potion | 1 | |
| Scroll of Town Portal | 2 | |
22 total

»
TeaM-KiLLeR-GG (
yellow | 74 APM | 2323 actions | 31:21)
7 Death Knight
3 Death Coil
3 Unholy Aura
1 Animate Dead
5 Lich
3 Frost Nova
2 Frost Armor
» actions
| Assign group hotkey | 35 | |
| Basic commands | 21 | |
| Build / train | 84 | |
| Enter build submenu | 26 | |
| Enter hero's abilities submenu | 14 | |
| Give item / drop item | 2 | |
| Remove unit from queue | 1 | |
| Right click | 1139 | |
| Select / deselect | 265 | |
| Select group hotkey | 629 | |
| Use ability | 106 | |
2323 total
» units
| Acolyte | 15 | |
| Ghoul | 4 | |
| Crypt Fiend | 9 | |
| Giant Sea Turtle | 1 | |
| Frost Wyrm | 3 | |
32 total
» upgrades
| Creature Attack | 3 | |
| Web | 1 | |
| Burrow | 1 | |
| Creature Carapace | 2 | |
| Freezing Breath | 1 | |
8 total
» buildings
| Graveyard | 1 | |
| Crypt | 1 | |
| Ziggurat | 11 | |
| Altar of Darkness | 1 | |
| Tomb of Relics | 1 | |
| Nerubian Tower | 2 | |
| Necropolis | 3 | |
| Halls of the Dead | 1 | |
| Spirit Tower | 4 | |
| Sacrificial Pit | 1 | |
| Black Citadel | 1 | |
| Boneyard | 3 | |
30 total
» build order
00:25 Graveyard
00:26 Crypt
00:47 Ziggurat
01:03 Altar of Darkness
01:44 Ziggurat
02:06 Tomb of Relics
02:37 Nerubian Tower
03:40 Ziggurat
06:22 Ziggurat
06:23 Ziggurat
06:25 Necropolis
06:49 Halls of the Dead
07:21 Spirit Tower
07:52 Spirit Tower
07:54 Ziggurat
07:58 Ziggurat
08:56 Ziggurat
08:58 Ziggurat
09:41 Ziggurat
09:48 Nerubian Tower
10:16 Sacrificial Pit
11:17 Black Citadel
12:30 Spirit Tower
13:17 Ziggurat
14:23 Spirit Tower
19:00 Boneyard
19:02 Boneyard
19:03 Boneyard
20:44 Necropolis
23:09 Necropolis
» items
| Rod of Necromancy | 2 | |
| Dust of Appearance | 2 | |
| Scroll of Town Portal | 9 | |
| Potion of Lesser Invulnerability | 2 | |
| Boots of Speed | 1 | |
| Periapt of Vitality | 1 | |
| Scroll of Protection | 1 | |
| Potion of Invisibility | 1 | |
| Orb of Corruption | 1 | |
20 total
ITAdarkthor (
green | 28 APM | 930 actions | 33:30)
6 Demon Hunter
2 Immolation
2 Evasion
1 Mana Burn
1 Metamorphosis
» actions
| Build / train | 62 | |
| Enter build submenu | 28 | |
| Enter hero's abilities submenu | 6 | |
| Remove unit from queue | 1 | |
| Right click | 523 | |
| Select / deselect | 260 | |
| Use ability | 50 | |
930 total
» units
» upgrades
| Strength of the Moon | 1 | |
| Moon Armor | 1 | |
| Ultravision | 1 | |
| Strength of the Wild | 2 | |
| Reinforced Hides | 2 | |
| Abolish Magic | 1 | |
8 total
» buildings
| Altar of Elders | 1 | |
| Moon Well | 13 | |
| Hunter's Hall | 1 | |
| Ancient of War | 1 | |
| Ancient Protector | 6 | |
| Tree of Ages | 1 | |
| Ancient of Lore | 2 | |
| Tree of Eternity | 1 | |
| Tree of Life | 1 | |
27 total
» build order
00:06 Altar of Elders
00:11 Moon Well
01:35 Hunter's Hall
02:22 Ancient of War
02:36 Moon Well
02:50 Moon Well
03:05 Moon Well
03:24 Moon Well
03:44 Ancient Protector
05:30 Moon Well
05:34 Ancient Protector
06:08 Moon Well
06:28 Moon Well
07:07 Tree of Ages
07:27 Moon Well
08:02 Ancient Protector
10:21 Ancient of Lore
10:28 Ancient of Lore
11:07 Moon Well
11:13 Ancient Protector
11:18 Moon Well
12:51 Moon Well
13:06 Ancient Protector
14:45 Tree of Eternity
14:51 Moon Well
16:46 Ancient Protector
21:35 Tree of Life
» items
Chat log
(00:17 / All) TeaM-KiLLeR-GG: PURP REMEMBER WHEN U LOST BLADEMASTER TO EASY GREEN CREEPS ON FULL SCALE ASSAULT?
(00:19 / All) PeopleChange: so I'm learning Swedish. in it the word for marriage and poison are the same
(00:20 / All) TeaM-KiLLeR-GG: THAT WAS PRICELESS
(00:23 / All) PeopleChange: think about that for a second
(00:45 / All) TeaM-KiLLeR-GG: YOU'RE COMMENTS MAY AFFECT THE OUTCOME OF THIS GAME PURPLE
(00:51 / All) GoodBeast: stfu
(01:06 / All) FUXSUHDUXS2: man my nuts itch
(01:15 / All) LikeUntoTheGods: I WANNA DISCONNECT MYSELF
(01:17 / All) TeaM-KiLLeR-GG: GO AFK UR TRASH
(01:23 / All) LikeUntoTheGods: PULL MY BRAINSTEM OUT AND UNPLUG MYSELF
(01:26 / All) LikeUntoTheGods: I WANT NOTHING RIGHT NOW
(01:29 / All) LikeUntoTheGods: I WANNA PULL IT OUT
(01:30 / All) LikeUntoTheGods: yEAH
(04:53 / All) FUXSUHDUXS2: yellow remember when u swallowed it all then u said you loved me and i told u stfu im not your dad
(04:59 / All) TeaM-KiLLeR-GG: OLD
(05:00 / All) TeaM-KiLLeR-GG: OLD
(05:01 / All) TeaM-KiLLeR-GG: OLD
(05:15 / All) FUXSUHDUXS2: it was last week
(05:17 / Allies) ITAdarkthor: thnaks
(05:18 / All) TeaM-KiLLeR-GG: THEY ALL DIED LAUGHING
(05:20 / Allies) ITAdarkthor: thanks
(05:42 / All) TeaM-KiLLeR-GG: I CANT VBELIEVE UR % IS STILL 46
(06:11 / All) TeaM-KiLLeR-GG: UR 23 YEARS OLD AND BEEN PLAYING THIS GAME FOR 8 YEARS AND U STILL SUCK DICK AND PLAY LIKE A CHILD
(06:14 / All) TeaM-KiLLeR-GG: WITH DOWNS\
(06:31 / All) FUXSUHDUXS2: you mean like you ?
(06:34 / All) TeaM-KiLLeR-GG: YE\
(08:58 / All) PeopleChange: lol
(09:07 / All) TeaM-KiLLeR-GG: SEEING THOSE SKILLS RED
(09:10 / All) TeaM-KiLLeR-GG: AND KNOWING U HAVE PURPLE
(09:14 / All) TeaM-KiLLeR-GG: SAFE TO SAY GG
(09:32 / All) PeopleChange: I see your artificial noob elf night
(11:51 / All) TeaM-KiLLeR-GG: U GUYS CAN LEAVE
(11:53 / All) TeaM-KiLLeR-GG: SAVE UR TIME
(12:35 / Allies) TeaM-KiLLeR-GG: OJ
(12:36 / Allies) TeaM-KiLLeR-GG: GO
(12:44 / Allies) PeopleChange: I have no army bro
(13:05 / All) TeaM-KiLLeR-GG: BATS LMAO
(13:06 / Allies) PeopleChange: purple go copters
(13:09 / All) TeaM-KiLLeR-GG: rED UR WORSE THAN PURPLE
(13:22 / All) PeopleChange: nice lvl 1 siphon
(13:31 / Allies) TeaM-KiLLeR-GG: WOO ME PLZ
(13:32 / Allies) TeaM-KiLLeR-GG: WOOD
(13:35 / Allies) TeaM-KiLLeR-GG: lumber please
(13:41 / Allies) TeaM-KiLLeR-GG: ty
(14:06 / Allies) TeaM-KiLLeR-GG: guys attk
(14:34 / Allies) TeaM-KiLLeR-GG: 200goldplz
(15:29 / Allies) TeaM-KiLLeR-GG: kill emos
(15:30 / Allies) TeaM-KiLLeR-GG: demos
(16:00 / Allies) TeaM-KiLLeR-GG: kill
(17:24 / All) LikeUntoTheGods: klawl
(17:32 / All) TeaM-KiLLeR-GG: garboooo
(17:34 / All) LikeUntoTheGods: I thought I bought a tp
(17:36 / All) TeaM-KiLLeR-GG: ur worse than purpl;e bro
(17:42 / All) LikeUntoTheGods: and double clicked my health pot where my TP was supposed to be
(17:47 / All) TeaM-KiLLeR-GG: LoL
(17:49 / All) TeaM-KiLLeR-GG: snitch made
(18:29 / Allies) TeaM-KiLLeR-GG: repair
(18:41 / All) TeaM-KiLLeR-GG: ok i take it back red..
(18:45 / All) TeaM-KiLLeR-GG: no one is worse than purple
(18:55 / Allies) TeaM-KiLLeR-GG: move plz greem
(18:56 / Allies) TeaM-KiLLeR-GG: green
(19:09 / Allies) TeaM-KiLLeR-GG: green
(19:09 / All) LikeUntoTheGods: I was wondering why I didn't tp lawl
(19:11 / Allies) TeaM-KiLLeR-GG: move
(19:23 / Allies) ITAdarkthor: i need gold
(19:28 / All) TeaM-KiLLeR-GG: lol
(19:29 / Allies) ITAdarkthor: to rebuild
(19:35 / All) TeaM-KiLLeR-GG: yea i clicked and seen no tp
(19:38 / All) TeaM-KiLLeR-GG: i was like no way
(19:44 / All) TeaM-KiLLeR-GG: u did have inv pot tho
(19:52 / All) LikeUntoTheGods: I thoguht I tped a couple second after you went thru
(19:56 / All) LikeUntoTheGods: toi get the hall and tp out
(20:05 / All) PeopleChange: typical chimbot pink
(20:08 / Allies) TeaM-KiLLeR-GG: why r we letting them mass again
(20:09 / Allies) TeaM-KiLLeR-GG: end it
(20:11 / All) PeopleChange: unable to do anything else
(20:16 / Allies) ITAdarkthor: or im not guna be any help
(20:17 / Allies) ITAdarkthor: ..
(20:19 / Allies) ITAdarkthor: ty
(20:25 / All) TexasThreesome: wah wah
(20:27 / Allies) ITAdarkthor: need 30 more
(20:38 / All) TexasThreesome: listen to me listen to me I need attention
(20:42 / All) PeopleChange: lol
(20:48 / All) TexasThreesome: exactly
(20:59 / All) PeopleChange: you are about to be 9-14
(21:35 / All) PeopleChange: how much gold do you have?
(21:36 / All) PeopleChange: to rebuild
(21:47 / All) PeopleChange: can you remake that army as fast as I can?
(22:04 / All) TexasThreesome: wah wah listen tome
(22:17 / Allies) TeaM-KiLLeR-GG: swimming
(22:21 / Allies) TeaM-KiLLeR-GG: did not know that
(22:22 / Allies) TeaM-KiLLeR-GG: coollol
(23:10 / All) PeopleChange: dumb faggot
(23:13 / All) PeopleChange: That is my expo
(23:21 / All) TexasThreesome: wah wah my pussy my pussy is wet
(23:29 / All) PeopleChange: lol
(23:34 / All) PeopleChange: His pussy wasn't wet
(23:36 / All) PeopleChange: He had no natural lube
(24:39 / All) LikeUntoTheGods: Sdafjklasdf
(24:41 / All) TeaM-KiLLeR-GG: LOL!
(24:43 / All) TeaM-KiLLeR-GG: gotcha
(24:48 / All) LikeUntoTheGods: not sure why that one didn't go thru
(24:57 / All) LikeUntoTheGods: I think I dragged it
(25:02 / All) TeaM-KiLLeR-GG: ahhh
(25:18 / All) TeaM-KiLLeR-GG: purp
(25:22 / All) TeaM-KiLLeR-GG: uninstall.. for real
(25:43 / All) FUXSUHDUXS2: blue
(25:51 / All) PeopleChange: Teal killed my peon
(25:57 / All) PeopleChange: fucking teamkiiller
(26:21 / All) PeopleChange: team killer
(26:26 / All) TeaM-KiLLeR-GG: yo
(27:09 / All) LikeUntoTheGods: do you even have a tp blue?
(27:17 / All) TeaM-KiLLeR-GG: i dont :P
(27:29 / Allies) TeaM-KiLLeR-GG: run
(27:29 / Allies) PlanetPiss: wtf orange
(27:42 / All) PeopleChange: you killed my peon
(27:47 / Allies) PlanetPiss: relax
(27:55 / All) PeopleChange: William is dead because of you
(28:21 / Allies) PlanetPiss: wow,..,.,
(29:06 / Allies) PlanetPiss: pls stop orange
(29:09 / All) PeopleChange: Yellow dies now he is a self-admitted tker it is in his name
(29:14 / Allies) PlanetPiss: im sorry about william lol
(29:14 / All) PeopleChange: and teal killed William so he getst he loss
(30:10 / Allies) TeaM-KiLLeR-GG: im b
(30:19 / Allies) TeaM-KiLLeR-GG: wtdf i
(30:21 / Allies) TeaM-KiLLeR-GG: i tped
(30:23 / All) PeopleChange: was trying to tk
(30:31 / All) PeopleChange: your nigger team in the way
(30:35 / All) PeopleChange: MY BAD
(30:48 / Allies) TeaM-KiLLeR-GG: ur a homo lol
(30:53 / Allies) PeopleChange: and you are a tker! reported
(30:57 / All) PeopleChange: You and teal will lose your cd keys
(30:59 / Allies) TeaM-KiLLeR-GG: LOL
(31:06 / All) PeopleChange: Look at your username SON
(31:06 / All) TeaM-KiLLeR-GG: bnet doesnt do shit
(31:08 / All) PlanetPiss: lol
(31:11 / All) TeaM-KiLLeR-GG: u can mh all day
(31:21 / All) TeaM-KiLLeR-GG: anyways gg red
(32:40 / Allies) PeopleChange: Don't hit red he sucks
(32:46 / Allies) PeopleChange: focus on blue
(32:54 / Allies) ITAdarkthor: ok